 Dungeon Crawl Stone Soup version 0.19-a0-733-geeb8733 (webtiles) character file.

3598 Magifyre the Destroyer (level 9, -3/45 HPs)
             Began as a Deep Elf Fire Elementalist on June 21, 2016.
             Slain by a troll (9 damage)
             ... on level 8 of the Dungeon on June 22, 2016.
             The game lasted 00:45:57 (10398 turns).

Magifyre the Destroyer (DEFE)                      Turns: 10398, Time: 00:45:57

Health: -3/45      AC:  4    Str:  5    XL:     9   Next: 85%
Magic:  2/23       EV: 13    Int: 24    God:
Gold:   518        SH:  0    Dex: 15    Spells: 5 memorised, 10 levels left

rFire  . . .     SeeInvis .     d - staff of wizardry
rCold  . . .     Gourm    +     k - +0 robe
rNeg   . . .     Faith    .     (no shield)
rPois  .         Spirit   .     (no helmet)
rElec  .         Dismiss  .     o - +0 cloak
rCorr  .         Reflect  .     (no gloves)
SustAt .         Harm     .     r - +0 pair of boots
MR     .....                    h - amulet of the gourmand
Stlth  ++........               (no ring)
                                (no ring)

@: not resistant to hostile enchantments, unstealthy
A: no striking features
a: no special abilities


You were on level 8 of the Dungeon.
You were very full.

You visited 2 branches of the dungeon, and saw 10 of its levels.

You collected 518 gold pieces.

Inventory:

Hand Weapons
 G - a +0 trident of venom
Missiles
 z - 2 throwing nets (quivered)
Armour
 k - a +0 robe (worn)
 o - a +0 cloak (worn)
 r - a +0 pair of boots (worn)
Magical Staves
 d - an uncursed staff of wizardry (weapon)
Jewellery
 h - an amulet of the gourmand (around neck)
Wands
 B - a wand of paralysis (13/24)
 C - a wand of digging (11/24)
Scrolls
 e - 4 scrolls of amnesia
 n - a scroll of vulnerability {unknown}
 p - 2 scrolls of remove curse
 t - a scroll of immolation {unknown}
 u - a scroll of summoning {unknown}
 x - a scroll of identify
 y - a scroll of enchant weapon
 D - 2 scrolls of recharging {unknown}
 E - a scroll of brand weapon {unknown}
 F - a scroll of magic mapping {unknown}
 H - a scroll of enchant armour {unknown}
Potions
 a - a potion of agility
 f - a potion of flight
 g - 2 potions of lignification
 j - a potion of resistance
 m - 3 potions of curing {unknown}
Books
 b - a book of Flames

   Spells                             Type                      Level
   a - Flame Tongue                   Conjuration/Fire             1
   b - Throw Flame                    Conjuration/Fire             2
   c - Conjure Flame                  Conjuration/Fire             3
   d - Inner Flame                    Hexes/Fire                   3
   e - Sticky Flame                   Conjuration/Fire             4
   f - Fireball                       Conjuration/Fire             5
 s - a book of Dreams

   Spells                             Type                      Level
   a - Ensorcelled Hibernation        Hexes/Ice                    2
   b - Silence                        Hexes/Air                    5
   c - Darkness                       Hexes                        6
   d - Shadow Creatures               Summoning                    6
Comestibles
 c - 8 bread rations
 i - 7 fruits
 l - 5 meat rations
 v - a royal jelly
 w - 8 beef jerkies


   Skills:
 - Level 2.4 Dodging
 - Level 2.4 Stealth
 + Level 8.7 Spellcasting
 * Level 10.2 Conjurations
 * Level 10.0 Fire Magic


You had 10 spell levels left.
You knew the following spells:

 Your Spells              Type           Power        Failure   Level  Hunger
a - Flame Tongue          Conj/Fire      #####        1%          1    None
b - Throw Flame           Conj/Fire      ######       1%          2    None
c - Conjure Flame         Conj/Fire      ######..     1%          3    None
d - Sticky Flame          Conj/Fire      ######..     1%          4    ##.....
e - Fireball              Conj/Fire      ######....   1%          5    ####...


Dungeon Overview and Level Annotations

Branches:
Dungeon (9/15)             Temple (1/1) D:7
   Lair: D:8-11         Orc: D:9-12

Altars:
Cheibriados
Dithmenos
Elyvilon
Fedhas
Gozag
Hepliaklqana
Kikubaaqudgha
Makhleb
Okawaru
Pakellas
Qazlal
Ru
Sif Muna
Trog
Uskayaw
Xom
Yredelemnul
Zin
The Shining One

Shops:
D:4 }   D:5 }


Message History

Aiming: Flame Tongue
Press: ? - help, Shift-Dir - straight line, f/p - orc
Aim: an orc, wielding a dagger The flame tongue hits the orc.
The orc is lightly wounded.
The orc throws a tomahawk.
The tomahawk hits you. The troll bites you! The troll claws you.
The troll barely misses you.
There is a stone staircase leading up here.
You see here a tomahawk.
The troll misses you. The troll claws you!
* * * LOW HITPOINT WARNING * * *
The troll completely misses you.
You climb upwards.
There is a stone staircase leading down here.
As you read the scroll labeled KASHEG DYCW, it crumbles to dust.
Your body is wracked with pain!
* * * LOW HITPOINT WARNING * * *
The troll convulses!
It was a scroll of torment.
The troll bites you but does no damage. The troll claws you!
You die...

## #..# #.#.########.## ≈≈ #..#
#..#...........
#####..############.###.######.##
...................## ##.#####.#
##.#######.#.######.###........#
...# #.#.# #..#.#..####.# ##.#
#.#.# #.#.##..####.# #.#
#.#.######.#.##.....#.##
#.#######..#.#.@................
#..>......###...T....########.##
#.####.###.#.#.######## ##.## #.#
##.# ##.##.# ##.## #.... #.# #..#
#.##.# ##...#####..## #.# #..#
#.##.####.......>...## #.#
#######.##..##........(....# ##.#
#≈# #...###.###.....#####..#
...###≈####.## #.# ##...## #..#


You could see a troll.

Vanquished Creatures
  A two-headed ogre (D:5)
  A wyvern (D:9)
  2 humans (D:8)
  2 water moccasins
  4 sky beasts
  2 orc warriors
  3 ice beasts
  2 ogres
  4 centaurs
  3 giant frogs
  2 scorpions (D:5)
  A howler monkey (D:8)
  A centaur zombie (D:6)
  2 crimson imps (D:4)
  4 hounds
  A giant frog zombie (D:7)
  3 centaur skeletons
  5 orc priests
  A giant frog skeleton (D:5)
  8 orc wizards
  Terence (D:3)
  3 worker ants
  A killer bee zombie (D:9)
  A hound zombie (D:9)
  A hound skeleton (D:8)
  A howler monkey zombie (D:7)
  2 worker ant zombies (D:9)
  4 gnolls (D:8)
  5 adders
  A shadow imp (D:5)
  A dart slug (D:1)
  8 giant geckos
  20 orcs
  9 bats
  4 giant cockroaches
  7 goblins
  11 hobgoblins
  5 jackals
  4 quokkas
  7 giant newts
  A jackal zombie (D:6)
  3 kobolds
  A quokka skeleton (D:4)
  5 rats
158 creatures vanquished.

Vanquished Creatures (others)
  A wizard (D:4)
1 creature vanquished.

Grand Total: 159 creatures vanquished

Notes
Turn   | Place    | Note
--------------------------------------------------------------
     0 | D:1      | Magifyre the Deep Elf Fire Elementalist began the quest for the Orb.
     0 | D:1      | Reached XP level 1. HP: 10/10 MP: 6/6
   224 | D:1      | Reached XP level 2. HP: 15/15 MP: 5/8
   245 | D:1      | Learned a level 2 spell: Throw Flame
   864 | D:1      | Reached XP level 3. HP: 19/19 MP: 2/9
  1587 | D:2      | Reached XP level 4. HP: 24/24 MP: 4/11
  1851 | D:2      | Learned a level 3 spell: Conjure Flame
  1856 | D:2      | Learned a level 4 spell: Sticky Flame
  2367 | D:3      | Noticed Terence
  2396 | D:3      | Killed Terence
  2396 | D:3      | Reached XP level 5. HP: 18/28 MP: 6/12
  2991 | D:4      | Found Ryeduw's Gadget Boutique.
  3223 | D:4      | Found a bloodstained altar of Trog.
  3584 | D:4      | Noticed a wizard
  3589 | D:4      | Killed a wizard
  3673 | D:4      | Noticed an ogre
  3682 | D:4      | Killed an ogre
  3682 | D:4      | Reached skill level 5 in Conjurations
  3682 | D:4      | Reached XP level 6. HP: 32/32 MP: 4/14
  3990 | D:5      | Entered Level 5 of the Dungeon
  3990 | D:5      | Found a glowing silver altar of Zin.
  3996 | D:5      | Reached skill level 5 in Fire Magic
  4044 | D:5      | Noticed a sky beast
  4165 | D:5      | Noticed a sky beast
  4226 | D:5      | Found Nybos's Gadget Shop.
  4245 | D:5      | Killed a sky beast
  4604 | D:4      | Killed a sky beast
  4604 | D:4      | Reached skill level 5 in Spellcasting
  4604 | D:4      | Reached XP level 7. HP: 18/36 MP: 8/16
  5212 | D:5      | Found a white marble altar of Elyvilon.
  5213 | D:5      | Noticed a two-headed ogre
  5223 | D:5      | Killed a two-headed ogre
  5379 | D:5      | Reached XP level 8. HP: 41/41 MP: 4/18
  5754 | D:5      | Found a shadowy altar of Dithmenos.
  5770 | D:5      | Found a stormy altar of Qazlal.
  6117 | D:6      | Learned a level 5 spell: Fireball
  6910 | D:6      | Found a bloodstained altar of Trog.
  7604 | D:7      | Found a staircase to the Ecumenical Temple.
  7608 | Temple   | Entered the Ecumenical Temple
  8351 | D:7      | Reached XP level 9. HP: 45/45 MP: 6/22
  9100 | D:8      | Found an iron altar of Okawaru.
 10067 | D:9      | Noticed a troll
 10249 | D:9      | Reached skill level 10 in Conjurations
 10295 | D:9      | Reached skill level 10 in Fire Magic
 10398 | D:8      | Slain by a troll

Vault maps used:
D:1:      dpeg_arrival_connections
D:2:      first_bread
D:3:      minmay_misc_feat_columns, uniq_terence
D:4:      serial_shops, shop, trog_wizard
D:5:      grunt_temple_overflow_open, elyvilon_altar_1, serial_shops,
          kennysheep_mini
D:6:      basic_altar
D:7:      grunt_ogre_cave
D:8:      okawaru_humans, serial_aquarium, aquarium_bridge_square,
          aquarium_bridge_straight, aquarium_window_corner,
          aquarium_window_corridor_1, aquarium_window_fake, aquarium_view_2d,
          aquarium_view_4, roderic_roman_lattice
D:9:      minmay_overflow_temple_star_quad, kennysheep_generic_room_13
Temple:   eino_temple_water

Skill      XL: |  1  2  3  4  5  6  7  8  9 |
---------------+----------------------------+-----
Conjurations   | 2 3 4 5 6 7 8 10 | 10.2
Fire Magic     | 4 5 6 8 10 | 10.0
Spellcasting   | 4 5 7 8 |  8.7
Dodging        | |  2.4
Stealth        | |  2.4

Action                   |  1- 3 |  4- 6 |  7- 9 || total
-------------------------+-------+-------+-------++-------
Melee: Unarmed           |     1 |       |       ||     1
       Trident           |       |    19 |    47 ||    66
       Staff             |       |       |    14 ||    14
 Cast: Flame Tongue      |    55 |    57 |   137 ||   249
       Throw Flame       |    15 |    28 |    41 ||    84
       Conjure Flame     |       |     4 |    18 ||    22
       Sticky Flame      |       |     2 |    12 ||    14
       Fireball          |       |       |    29 ||    29
  Use: Scroll            |       |     4 |     8 ||    12
  Eat: Chunk             |    14 |    10 |    24 ||    48
Armor: Robe              |     6 |     5 |    12 ||    23
Dodge: Dodged            |    18 |    15 |    71 ||   104
